 Dungeon Crawl Stone Soup version 0.28-a0-631-g0446da8ef9 (webtiles) character file.

Game seed: 8777949081455880000

437 KristoblXynda the Slasher (level 6, 0/79 HPs)
             Began as a Draconian Gladiator on Oct 10, 2021.
             Succumbed to a killer bee's poison
             ... on level 4 of the Dungeon.
             The game lasted 00:04:43 (4553 turns).

KristoblXynda the Slasher (Draconian Gladiator)     Turns: 4553, Time: 00:04:44

Health: 0/79       AC: 23    Str: 18    XL:     6   Next: 69%
Magic:  6/6        EV:  2    Int:  8    God:
Gold:   126        SH:  0    Dex: 13    Spells: 5/5 levels left

rFire   . . .      SeeInvis .   a - +0 long sword
rCold   . . .      Faith    .   (no shield)
rNeg    . . .      Spirit   .   (armour unavailable)
rPois   +          Reflect  .   (helmet currently unavailable)
rElec   .          Harm     .   (cloak currently unavailable)
rCorr   .          Rampage  .   (gloves currently unavailable)
Will    .....      NoTele   +   (boots currently unavailable)
Stlth   +.........              (no amulet)
HPRegen 0.23/turn               (no ring)
MPRegen 0.10/turn               (no ring)

@: lethally poisoned (0 -> -10), tree-form, attractive, hasted, very quick
A: stationary, stasis, torment immunity, boosted hp, AC +6, unfitting armour,
(cold-blooded)
a: no special abilities


You were on level 4 of the Dungeon.
You were a tree.
You visited 1 branch of the dungeon, and saw 4 of its levels.

You collected 126 gold pieces.

Inventory:

Hand Weapons
 a - a +0 long sword (weapon)
Missiles
 c - a throwing net (quivered)
Armour
 b - a +0 hat (melded)
 f - a +0 pair of gloves (melded)
 l - a +0 cloak (melded)
Scrolls
 h - a scroll of enchant armour {unknown}
 m - a scroll of silence {unknown}
 q - a scroll of enchant weapon {unknown}
Potions
 e - a potion of cancellation
 n - a potion of mutation {unknown}


   Skills:
 + Level 4.3 Fighting
 * Level 5.7 Long Blades
 - Level 2.0 Throwing
 + Level 4.1 Dodging


You had 5 spell levels left.
You didn't know any spells.
Your spell library contained the following spells:

 Spells                   Type           Power      Damage    Failure   Level
 Animate Skeleton         Necr           0%         N/A       41%         1
 Pain                     Necr           0%         1d4       41%         1
 Inner Flame              Hex/Fire       0%         N/A       78%         3
 Cause Fear               Hex            0%         N/A       99%         4
 Statue Form              Tmut/Erth      0%         N/A       100%        6
 Discord                  Hex            0%         N/A       100%        8
 Lehudib's Crystal Spear  Conj/Erth      0%         10d2      100%        8
 Animate Armour           Summ/Erth      Unusable   N/A       N/A         4

Dungeon Overview and Level Annotations

Branches:
Dungeon (4/15)
 Temple: D:4-7

Altars:
Makhleb

Shops:
D:4 *


Innate Abilities, Weirdness & Mutations

You are a tree.
Your roots penetrate the ground, keeping you stationary.
You cannot be teleported.
You are immune to unholy pain and torment.
Your maximum health is greatly increased.
Your equipment is partially melded.
((Your plain brown scales are hard. (AC +6)))
You cannot fit into any form of body armour.
((You are cold-blooded and may be slowed by cold attacks.))


Message History

You closely miss the killer bee.
The killer bee stings you but does no damage.
The killer bee stings you.
* * * LOW HITPOINT WARNING * * *
You are lethally poisoned!
The killer bee poisons you!
Throw: 3 throwing nets
Press: ? - help, Q - select action Shift-Dir - straight line, f - killer bee
Aim: a killer bee (31% to hit)
You throw a throwing net.
The throwing net closely misses the killer bee.
The throwing net closely misses the killer bee.
* * * LOW HITPOINT WARNING * * *
You feel sick. The killer bee closely misses you.
Unknown command.
Throw: 2 throwing nets
Press: ? - help, Q - select action Shift-Dir - straight line, f/p - killer bee
Aim: a killer bee (31% to hit)
You throw a throwing net.
The throwing net closely misses the killer bee.
The throwing net hits the killer bee.
The killer bee is caught in the net!
* * * LOW HITPOINT WARNING * * *
You feel sick. The killer bee stings you.
* * * LOW HITPOINT WARNING * * *
You are more poisoned.
The killer bee poisons you!
The killer bee struggles against the net.
The killer bee barely misses you.
It was a potion of attraction.
You feel attractive to monsters.
* * * LOW HITPOINT WARNING * * *
You feel sick.
The killer bee struggles against the net.
The killer bee closely misses you.
Unknown command.
It was a potion of lignification.
You turn into a tree.
Your +0 cloak melds into your body.
Your +0 hat melds into your body.
Your +0 pair of gloves melds into your body.
Your roots penetrate the ground.
You die...

........######
#.#.#....'y...#
.........####.#
.#.#.#....# #.#
.......(..# #.#
.#.#.#....# #y#
........# #.#
#.#.#.####
#.#########
.....
#yy♣...)...
#.#.#.
###########
....... .# # #.


You could see 2 killer bees.

Vanquished Creatures
  An orc warrior (D:4)
  A black bear (D:4)
  A killer bee (D:4)
  Crazy Yiuf (D:2)
  Natasha (thrice) (D:3)
  4 gnolls
  A worm (D:2)
  4 dart slugs
  10 ball pythons
  3 endoplasms
  4 giant cockroaches
  7 goblins
  2 hobgoblins (D:1)
  4 jackals (D:3)
  3 kobolds
  3 quokkas
  9 bats
  5 frilled lizards
  9 rats
75 creatures vanquished.

Notes
Turn   | Place    | Note
-------+----------+-------------------------------------------
     0 | D:1      | KristoblXynda the Draconian Gladiator began the quest for
                  | the Orb.
     0 | D:1      | Reached XP level 1. HP: 17/17 MP: 1/1
   350 | D:1      | Reached XP level 2. HP: 25/25 MP: 2/2
  1327 | D:1      | Reached XP level 3. HP: 27/30 MP: 3/3
  1446 | D:1      | Got the Catalogue of the Dark Rocks
  1640 | D:2      | Found a runed translucent door.
  1644 | D:2      | Noticed Crazy Yiuf
  1931 | D:2      | Found a burning altar of Makhleb.
  2258 | D:2      | Killed Crazy Yiuf
  2259 | D:2      | Reached skill level 4 in Long Blades
  2259 | D:2      | Reached XP level 4. HP: 24/38 MP: 1/4
  2930 | D:3      | Found a faded altar of an unknown god.
  3116 | D:3      | Noticed Natasha
  3125 | D:3      | Killed Natasha
  3309 | D:3      | Noticed Natasha
  3316 | D:3      | Killed Natasha
  3317 | D:3      | Reached XP level 5. HP: 33/45 MP: 5/5
  3462 | D:3      | Noticed Natasha
  3484 | D:3      | Killed Natasha
  4155 | D:4      | Noticed a black bear
  4166 | D:4      | Killed a black bear
  4167 | D:4      | Reached skill level 5 in Long Blades
  4167 | D:4      | Reached XP level 6. HP: 27/52 MP: 6/6
  4442 | D:4      | Found Birynusin's General Store.
  4508 | D:4      | Noticed an orc warrior
  4545 | D:4      | Killed an orc warrior
  4552 | D:4      | HP: 1/53 [poisoned by a killer bee]
  4553 | D:4      | Succumbed to a killer bee's poison

Illustrated notes

Levels and vault maps discovered:
D:1:      minmay_arrival_four_loops, layout_loops_corners, minmay_pentomino_z4
D:2:      layout_basic, basic_altar, uniq_crazy_yiuf_cottage
D:3:      layout_basic, hellmonk_ecumenical_altar_dog_temple, uniq_natasha
D:4:      layout_basic, serial_shops, shop, chequers_serial_rivers_small_3,
          nicolae_zen_rock_garden, st_stairs_11, uniq_pikel

Skill      XL: |  1  2  3  4  5  6 |
---------------+-------------------+-----
Throwing       | 2 |  2.0
Dodging        | 3 4 |  4.1
Fighting       | 3 4 |  4.3
Long Blades    | 4 5 |  5.7

Action                   |  1- 3 |  4- 6 || total
-------------------------+-------+-------++-------
Melee: Long sword        |   113 |   132 ||   245
       Tailslap          |    16 |    26 ||    42
Throw: Throwing net      |       |     2 ||     2
  Use: Scroll            |     4 |     2 ||     6
       Potion            |     1 |     7 ||     8
Armor: Skin              |    46 |    57 ||   103
Dodge: Dodged            |    74 |   129 ||   203

Table legend: (Time is in decaauts)
 A = Elapsed time spent in this place.
 B = Non-inter-level travel time spent in this place.
 C = Inter-level travel time spent in this place.
 D = Time resting spent in this place.
 E = Time spent auto-exploring this place.
 F = Levels seen in this place.
 G = Mean time per level.
                   A        B        C        D        E       F      G
               +--------+--------+--------+--------+--------+-----+--------+
         Total |   4622 |   4533 |     89 |   1389 |   2420 |   4 | 1155.5 |
       Dungeon |   4622 |   4533 |     89 |   1389 |   2420 |   4 | 1155.5 |
               +--------+--------+--------+--------+--------+-----+--------+

Top non-repeatable levels by time:
     D:1: 1606 daAuts
     D:3: 1451 daAuts
     D:2: 1121 daAuts
     D:4: 442 daAuts
